[Event "Baku Open 2024"]
[Site "Baku"]
[Date "2024.07.02"]
[Round "4.1"]
[White "Movahed, Sina"]
[Black "Puranik, Abhimanyu"]
[Result "1-0"]
[ECO "B32"]
[WhiteElo "2482"]
[BlackElo "2632"]
[Annotator "TA"]
[PlyCount "127"]
[EventDate "2024.06.29"]
[EventType "swiss"]
[EventCountry "AZE"]
[SourceTitle "playchess.com"]
[Source "ChessBase"]
[SourceQuality "1"]
[TimeControl "5400+30"]

1. e4 c5 2. Nf3 Nc6 3. d4 cxd4 4. Nxd4 e5 5. Nb5 d6 6. c4 g6 7. N5c3 Be6 8. Be3 Bh6 9. Bxh6 Nxh6 10. Na3 O-O 11. Qd2 Kg7 12. O-O-O Qf6 13. Nc2 a6 14. Nd5 Bxd5 15. cxd5 Nb8 16. Kb1 Nd7 17. f3 Rac8 18. Be2 Rc7 19. h4 Nc5 20. Ne3 b5 21. g4 Ng8 22. Rdg1 Qf4 23. g5 h5 24. gxh6+ Kh7 25. Rg4 Qf6 26. h5 Rfc8 27. hxg6+ fxg6 28. Rc1 Ne7 29. Rc2 Qf8 30. Rg1 Nd7 31. Rxc7 Rxc7 32. Ng4 Ng8 33. Nf2 Ngf6 34. Qa5 Qb8 35. Nh3 (35. Qxa6 Ra7 36. Qc6 (36. Qxb5 Rb7 $11) 36... Rc7 37. Qa6 $14 (37. Qxb5 Rb7 $15) (37. Qxd6 $2 Rc1+ 38. Rxc1 $19)) 35... Nf8 (35... Qa7 $142 36. Ng5+ Kg8) 36. Ng5+ (36. Qxa6 Ra7 37. Ng5+ (37. Qxb5 Rb7 $16) 37... Kg8 38. Qxb5 Rb7 $16) 36... Kxh6 37. Rh1+ $2 (37. Qxa6 Kg7 $18) (37. f4 $18 {and the rest is easy.}) 37... Nh5 $16 38. f4 (38. Qd2 $16 Kg7 39. f4 Nxf4 40. Qe1) 38... exf4 $14 39. Bxh5 (39. Ne6 $5 Nxe6 40. dxe6 $11) 39... gxh5 (39... Kxg5 40. Qe1 Kf6 41. Qh4+ Kf7 42. Qxf4+ Kg8 43. Bg4 $16 (43. Qxd6 $2 Rc1+ 44. Rxc1 Qxd6 $19)) 40. Nf3 Rf7 (40... Rc4 $1 $11 41. Qd2 Rxe4) 41. Qc3 (41. Qxa6 $16 {Nh4 is the strong threat.} Ng6 42. Nd4) 41... Ng6 $11 42. Rg1 Qa7 43. Nd4 b4 (43... Nh4 $11) 44. Qd2 (44. Qxb4 $16 Rf6 45. Qd2) 44... Ne5 45. Rh1 Qd7 $2 (45... Ng4 $11 {and Black stays safe.}) 46. Ne6 $1 $18 Ng6 $2 (46... Qe7 47. Nxf4 h4) 47. Qe2 (47. Qxb4 Qe7 $11) 47... h4 48. Qg4 (48. Qxa6 Qa7 49. Qxd6 b3 50. axb3 f3 $11) 48... Qe7 49. Rg1 Qf6 {[%emt 0:00:33] [#]} 50. Nd4 $1 Ne7 (50... Ne5 51. Qg8 Kh5 52. Nf5) 51. Rh1 $1 Qg5 52. Qe6+ (52. Qxh4+ Qxh4 53. Rxh4+ Kg6 $14) (52. Rxh4+ Kg6 $18) 52... Kg7 53. Qxd6 Qf6 54. Ne6+ ({Resist} 54. Qxb4 f3 55. d6 (55. Ne6+ Kg6 $16) 55... f2) 54... Kh6 55. Qxb4 ({Less strong is} 55. Qxa6 f3 $14) 55... Ng6 56. Qd2 Qe5 57. Re1 ({Not} 57. Nc5 Kh7 $16) 57... Kh7 58. Ka1 Rf6 59. Rg1 f3 $2 (59... Rxe6 60. dxe6 Qxe6) 60. Qf2 Rxe6 61. dxe6 Qxe4 62. Re1 Qb4 63. e7 Nxe7 64. a3 1-0

[Event "Baku Open 2024"]
[Site "Baku"]
[Date "2024.07.02"]
[Round "4.2"]
[White "Suleymanli, Aydin"]
[Black "Ibrahimli, Murad"]
[Result "1/2-1/2"]
[ECO "C84"]
[WhiteElo "2626"]
[BlackElo "2400"]
[Annotator "TA"]
[PlyCount "121"]
[EventDate "2024.06.29"]
[EventType "swiss"]
[EventCountry "AZE"]
[SourceTitle "playchess.com"]
[Source "ChessBase"]
[SourceQuality "1"]
[TimeControl "5400+30"]

1. e4 e5 2. Nf3 Nc6 3. Bb5 a6 4. Ba4 Nf6 5. O-O Be7 6. d3 b5 7. Bb3 d6 8. a3 O-O 9. Nc3 Bg4 10. Be3 Nd4 {[%emt 0:00:19] C84: Closed Ruy Lopez: Unusual White 6th moves.} 11. Bxd4 exd4 12. Nd5 Nd7 {[%emt 0:00:05] 12...Nd7 was played by the boomers.} 13. h3 Bxf3 14. Qxf3 Bg5 15. Nb4 Ne5 16. Qe2 a5 17. Bd5 Rb8 18. Nc6 Nxc6 19. Bxc6 Rb6 20. Bd5 c6 21. Ba2 a4 22. f4 Bf6 $146 ({Predecessor:} 22... Bh4 23. Qd2 d5 24. Kh2 dxe4 25. dxe4 c5 26. Bd5 Kh8 27. g3 Be7 28. Qg2 Rd6 {0-1 De Boer,E (2310)-De Vreugt,D (2409) Groningen University m 2017 (1)}) 23. e5 Be7 24. b4 d5 25. Qf2 c5 26. bxc5 Bxc5 27. Qf3 Bxa3 28. Bxd5 Bb4 29. Qe4 Bc3 30. Rab1 Qh4 31. Kh2 b4 32. g3 Qe7 33. f5 Kh8 34. f6 gxf6 35. Qh4 Qxe5 36. Be4 f5 $1 37. Rxf5 Qg7 $1 38. Rbf1 Rh6 39. Qf4 f6 {[%emt 0:01:04] [#]} (39... Re6 $11) 40. Bd5 (40. Rb5 $1 $16 Rc8 41. Bd5) 40... a3 {[%emt 0:01:22] [#]} (40... Rg6 $11 {keeps the balance.}) 41. Qd6 (41. g4 $1 $16 {[%cal Rg4g5] Black must now prevent g5.} Re8 42. g5) 41... Rg6 42. g4 Bd2 43. Bb3 Re8 44. Rxf6 Rxf6 45. Rxf6 Qe7 46. Qxd4 Qg7 47. Qf2 Qc7+ 48. Kg2 Qb7+ 49. Kh2 Qc7+ 50. Kg2 Qb7+ 51. Qf3 Re2+ 52. Kf1 Re1+ 53. Kf2 Qxf3+ $1 54. Rxf3 Re8 55. d4 Ra8 56. Rd3 a2 (56... Bc3 $5 57. Ba2 $8 Kg7 $11) 57. Bxa2 (57. Rxd2 $2 {loses.} Rf8+ (57... a1=B $2 {is the wrong capture.} 58. d5 $18) (57... a1=Q $2 58. Kg2 $19) 58. Kg2 a1=Q $19 (58... a1=B $2 {too greedy.} 59. d5 $18)) 57... Rxa2 58. Rxd2 b3 59. Rd1 $1 Rxc2+ 60. Ke3 Kg7 (60... b2 $5 61. Rb1 $8 Kg8 $11) 61. Ke4 1/2-1/2

[Event "Baku Open 2024"]
[Site "Baku"]
[Date "2024.07.02"]
[Round "4.3"]
[White "Atakishiyev, Elmar"]
[Black "Mamedov, Rauf"]
[Result "1/2-1/2"]
[ECO "E69"]
[WhiteElo "2356"]
[BlackElo "2651"]
[Annotator "TA"]
[PlyCount "49"]
[EventDate "2024.06.29"]
[EventType "swiss"]
[EventCountry "AZE"]
[SourceTitle "playchess.com"]
[Source "ChessBase"]
[SourceQuality "1"]
[TimeControl "5400+30"]

1. d4 Nf6 2. c4 g6 3. g3 Bg7 4. Bg2 O-O 5. Nc3 d6 6. Nf3 Nbd7 7. O-O e5 8. e4 exd4 9. Nxd4 Nc5 10. Re1 Re8 11. h3 h6 12. Rb1 a5 13. b3 c6 14. Kh2 h5 15. f4 h4 16. g4 $14 (16. gxh4 $2 Nh5 17. Nce2 Nxe4 $19 (17... Qxh4 $2 18. Nf3 $19)) 16... d5 {[%emt 0:02:18] White is slightly better.} 17. cxd5 cxd5 18. e5 (18. exd5 $6 Rxe1 19. Qxe1 Bxg4 $11 (19... Nxg4+ 20. hxg4 Bxd4 21. Qd2 $11)) 18... Nfe4 19. Nxe4 (19. Bxe4 dxe4 (19... Nxe4 20. Qf3 $14) 20. Nxe4 Nxe4 21. Rxe4 f5) 19... Nxe4 20. Bb2 {[%emt 0:15:19] Dodges Nc3} (20. Nb5 $16) 20... a4 21. bxa4 Bd7 22. Nb5 Bc6 23. g5 Qa5 24. Bd4 Re7 25. Re3 {[%emt 0:02:48] Weighted Error Value: White=0.14 (very precise) /Black=0.14 (very precise) .  Mistake:       	White=1     	Black=1      Inaccurate:     	White=2     	Black=2      OK:         	White=6     	Black=4      Best:        	White=1     	---} 1/2-1/2

[Event "Baku Open 2024"]
[Site "Baku"]
[Date "2024.07.02"]
[Round "4.4"]
[White "Aditya Mittal"]
[Black "Ilamparthi A R"]
[Result "1-0"]
[ECO "B13"]
[WhiteElo "2595"]
[BlackElo "2446"]
[Annotator "TA"]
[PlyCount "147"]
[EventDate "2024.06.29"]
[EventType "swiss"]
[EventCountry "AZE"]
[SourceTitle "playchess.com"]
[Source "ChessBase"]
[SourceQuality "1"]
[TimeControl "5400+30"]

1. d4 d5 2. Nf3 Nf6 3. Bf4 c5 4. e3 Nc6 5. Nbd2 cxd4 6. exd4 Bg4 7. c3 e6 8. Qb3 Bd6 9. Qxb7 O-O 10. Bxd6 Qxd6 11. Bb5 Bxf3 12. Qxc6 Qxc6 13. Bxc6 Bxg2 14. Rg1 Rac8 15. Ba4 Bh3 16. Bc2 Bg4 17. a4 Bh5 18. a5 Ne8 19. Rg5 g6 20. Nb3 Rb8 21. Ra2 Nd6 22. Nc5 Rbd8 23. a6 f6 24. Rg3 Rde8 25. Ba4 Re7 26. Re3 Rff7 (26... Kf7 $11 {was preferrable.}) 27. Bc6 ({And not} 27. Nxe6 Nf5 28. Nf4 Nxe3 29. fxe3 Rxe3+ 30. Kd2 Rfe7 $17) (27. Rxe6 $2 Rxe6+ 28. Nxe6 Re7 $19) 27... Nf5 $2 (27... Nc4 $11) 28. Rxe6 $18 Bf3 29. Kd2 g5 30. c4 Nxd4 31. Rxe7 Rxe7 32. Bxd5+ Bxd5 33. cxd5 Re5 34. Nd7 Rf5 (34... Re7 $16 35. Nxf6+ Kf7) 35. Kd3 $18 Nb5 36. Kc4 Nd6+ $2 (36... Nc7 {was worth a try.} 37. b4 Kf7) 37. Kc5 $18 Ne4+ 38. Kc6 Kf7 (38... Rxf2 $142 39. Kb7 Rxh2 40. Kxa7 Nd6) 39. Ra4 $18 Nxf2 40. Nc5 Rf3 41. d6 Nd3 42. Nxd3 Rxd3 43. d7 f5 44. Ra3 Rd4 {[%emt 0:00:15] [#]} 45. Ra4 $2 (45. Re3 $3 $18 {[%mdl 512] Hoping for Re8.} Rc4+ (45... f4 46. Re8) 46. Kd5) 45... Rxa4 $4 (45... Rd3 $11) 46. d8=Q $18 (46. d8=R $2 {loses.} Rxa6+ 47. Kb7 Ra2 $19 (47... Rb6+ 48. Kxa7 Rb3 49. Rd7+ Kg6 50. Rd6+ Kh5 51. Rd2 $19)) 46... Rxa6+ 47. Kb7 Rb6+ 48. Kxa7 Rxb2 49. Qxg5 Rb5 50. Qh6 Rd5 51. Kb6 f4 52. Kc6 Rf5 53. Kd7 Rd5+ 54. Kc6 Rf5 55. Qxh7+ Kf6 56. Qh4+ Ke5 57. Qe1+ Kf6 58. Qc3+ Kg5 59. Qf3 Re5 60. h4+ Kf5 61. Kd6 Re6+ 62. Kd5 Rh6 63. Qh3+ Kg6 64. Qg4+ Kh7 65. Qxf4 Rg6 66. Ke5 Kg7 67. Qd4 Kh6 68. Kf5 Rg8 69. Qf6+ Kh7 70. Qf7+ Kh8 71. Qh5+ Kg7 72. Qg6+ Kf8 73. Qf6+ Ke8 74. Ke4 1-0

[Event "Baku Open 2024"]
[Site "Baku"]
[Date "2024.07.02"]
[Round "4.5"]
[White "Mamedov, Edgar"]
[Black "Muradli, Mahammad"]
[Result "1/2-1/2"]
[ECO "D63"]
[WhiteElo "2410"]
[BlackElo "2575"]
[Annotator "TA"]
[PlyCount "54"]
[EventDate "2024.06.29"]
[EventType "swiss"]
[EventCountry "AZE"]
[SourceTitle "playchess.com"]
[Source "ChessBase"]
[SourceQuality "1"]
[TimeControl "5400+30"]

1. d4 Nf6 2. c4 e6 3. Nf3 d5 4. Nc3 Nbd7 5. Bg5 h6 6. Bh4 Be7 7. e3 O-O 8. Rc1 c5 9. cxd5 Nxd5 10. Bxe7 Nxe7 {[%emt 0:00:08] White has an edge.} 11. Be2 b6 12. O-O Bb7 13. Qa4 Nf5 14. dxc5 Nxc5 15. Qf4 Qd6 16. Qxd6 Nxd6 17. Rfd1 Rfd8 18. b4 Nce4 19. Nxe4 Bxe4 20. Ne5 Ne8 21. Bf3 Rxd1+ {[%emt 0:05:34] The position is equal.} 22. Rxd1 Nf6 23. Bxe4 Nxe4 24. Nc6 a5 25. bxa5 bxa5 26. f3 Nc3 27. Rd3 Nxa2 {[%emt 0:01:09] Weighted Error Value: White=0.05 (flawless) /Black=0.05 (flawless) .  Inaccurate:     	White=1     	---        OK:         	White=9     	Black=7} 1/2-1/2

[Event "Baku Open 2024"]
[Site "Baku"]
[Date "2024.07.02"]
[Round "4.6"]
[White "Asadli, Vugar"]
[Black "Manafov, Vugar"]
[Result "1/2-1/2"]
[ECO "B42"]
[WhiteElo "2560"]
[BlackElo "2430"]
[Annotator "TA"]
[PlyCount "97"]
[EventDate "2024.06.29"]
[EventType "swiss"]
[EventCountry "AZE"]
[SourceTitle "playchess.com"]
[Source "ChessBase"]
[SourceQuality "1"]
[TimeControl "5400+30"]

1. e4 c5 2. Nf3 e6 3. d4 cxd4 4. Nxd4 a6 5. Bd3 Bc5 6. Nb3 Ba7 7. Bf4 d6 8. Qd2 Nf6 9. Nc3 {[%emt 0:02:51] White has an edge.} e5 10. Bg3 Nh5 11. O-O-O Nc6 12. Bc4 Nxg3 13. hxg3 Be6 14. Bxe6 (14. Bd5 $16) 14... fxe6 $14 15. f3 ({But not} 15. Qxd6 Qxd6 16. Rxd6 Bxf2 $11) 15... Bd4 (15... Qc7 $11 {remains equal.}) 16. Ne2 Bc5 17. Nxc5 dxc5 18. Qxd8+ Rxd8 19. Rxd8+ Kxd8 {[%emt 0:00:28][%mdl 4096] Endgame. KRN-KRN} 20. g4 Ke7 21. c3 Kf6 22. Ng3 h6 23. Kd2 Rd8+ 24. Ke2 Na5 25. Nf1 Nc4 26. b3 Nd6 {[%emt 0:03:28] White must now prevent ...Nb5.} 27. Ne3 Ke7 28. a4 Rc8 29. Kd3 ({Better is} 29. a5 $16) 29... Rd8 30. Kc2 Rc8 31. a5 Rd8 32. Nd1 Kd7 33. Nb2 Kc6 34. Nd3 Nf7 35. Nb2 (35. Ra1 $16) 35... Kb5 (35... Nd6 $1 $11) 36. Ra1 $16 Rd7 37. Nd3 Rd8 38. Ra4 Rc8 39. c4+ Kc6 {[%emt 0:00:02] [#]} 40. b4 $1 cxb4 41. Rxb4 Rc7 42. Kc3 Kd7 43. Rb6 Ke7 {[%emt 0:00:06] [#]} 44. c5 {[%emt 0:00:09] White is more active.} (44. Kb4 $1 $16) 44... Nd8 $11 45. Kb3 Nc6 46. Ka4 {[%emt 0:00:05] Strongly threatening Nb4.} Kd7 47. Nb2 Nd8 48. Rd6+ Ke7 49. Nd3 {[%emt 0:03:37] Weighted Error Value: White=0.16 (very precise) /Black=0.15 (very precise) .  Mistake:       	White=4     	Black=2      Inaccurate:     	White=4     	Black=6      OK:         	White=16    	Black=16     Best:        	White=1     	Black=2      Strong:       	White=1     	---} 1/2-1/2

[Event "Baku Open 2024"]
[Site "Baku"]
[Date "2024.07.02"]
[Round "4.7"]
[White "Hamidov, Allahverdi"]
[Black "Yeletsky, Ivan"]
[Result "0-1"]
[ECO "D63"]
[WhiteElo "2307"]
[BlackElo "2498"]
[Annotator "TA"]
[PlyCount "70"]
[EventDate "2024.06.29"]
[EventType "swiss"]
[EventCountry "AZE"]
[SourceTitle "playchess.com"]
[Source "ChessBase"]
[SourceQuality "1"]
[TimeControl "5400+30"]

1. d4 Nf6 2. c4 e6 3. Nc3 d5 4. Bg5 Be7 5. e3 h6 6. Bh4 O-O 7. Nf3 Nbd7 8. Rc1 c6 9. Bd3 a6 10. cxd5 exd5 11. O-O Ne4 {[%emt 0:01:01] ...Nxc3 is the strong threat.} 12. Bxe7 Qxe7 13. Bxe4 dxe4 {[%emt 0:00:15] White has an edge.} 14. Nd2 Nf6 15. Na4 Be6 16. Qc2 Bd5 17. Qc5 Qe6 18. Qb6 Qe7 19. Qc5 Qe6 20. Qb6 Rab8 21. Nc5 Qe7 22. a4 h5 23. Rfe1 Ng4 {[%emt 0:07:15][%cal Bf6g4,Bg4h6,Bh6f5][%mdl 32] aiming for ...Qh4.} 24. h3 Nh6 25. f4 Nf5 ({Much weaker is} 25... exf3 26. e4 fxg2 27. exd5 $14) 26. Qb4 {[%emt 0:00:00] [#]} (26. Rc2 $11) 26... a5 $1 $17 27. Qa3 {[%emt 0:00:00][%cal Oc5e4] [#]} (27. Qb6 Kh7) 27... Rfe8 $1 28. Ncb3 (28. Re2 $17 {was worth a try.}) 28... Qh4 $19 {[%emt 0:07:24] White must now prevent ...Re6.} 29. Nxa5 $2 (29. Nf1) 29... Re6 {[%emt 0:00:17] ...Rg6 would now be deadly.} 30. Nf1 (30. Re2 $142 Rg6 31. Kh2) 30... Rg6 {[%emt 0:00:54][%cal Of5d4] White is weak on the light squares} 31. Re2 Qxh3 {[%emt 0:00:16] ( -> ...Nh4)} 32. Rcc2 Nh4 33. Nh2 Nf3+ 34. Nxf3 exf3 35. e4 fxe2 {[%emt 0:00:28] Weighted Error Value: White=0.61/Black=0.04 (flawless) .  Mistake:       	White=4     	---        Inaccurate:     	---       	Black=2      OK:         	White=5     	Black=8      Best:        	White=1     	Black=2} (35... Bxe4 $142 36. f5 fxe2 37. Qxh3 e1=Q+ (37... e1=B $2 {perishes.} 38. fxg6 Bxc2 39. gxf7+ Kxf7 40. Qd7+ Kg8 41. Qe6+ Kh8 42. Qxe1 $18) (37... Rxg2+ $2 38. Qxg2 e1=Q+ 39. Qf1 $19) 38. Kh2 Rg5 (38... Bxc2 $2 39. fxg6 Bxg6 40. Nc4 $19) (38... Qxa5 $2 39. fxg6 Qc7+ 40. Qg3 $19)) 0-1

[Event "Baku Open 2024"]
[Site "Baku"]
[Date "2024.07.02"]
[Round "4.8"]
[White "Shyam, Sundar M."]
[Black "Stribuk, Artiom"]
[Result "1/2-1/2"]
[ECO "B89"]
[WhiteElo "2493"]
[BlackElo "2422"]
[Annotator "TA"]
[PlyCount "115"]
[EventDate "2024.06.29"]
[EventType "swiss"]
[EventCountry "AZE"]
[SourceTitle "playchess.com"]
[Source "ChessBase"]
[SourceQuality "1"]
[TimeControl "5400+30"]

1. e4 c5 2. Nf3 d6 3. d4 cxd4 4. Nxd4 Nf6 5. Nc3 Nc6 6. Bc4 e6 7. Be3 Bd7 8. Qe2 a6 9. Bb3 b5 10. O-O-O Na5 11. Bg5 {[%emt 0:24:10][%cal Ob3e6] Strongly threatening Bxe6!} Be7 {[%emt 0:31:57] Black has an edge.} 12. f4 {[%emt 0:01:21][%cal Ob3e6] And now Bxe6! would win.} O-O 13. e5 dxe5 14. fxe5 {[%emt 0:00:48] [#]} Nd5 15. Bxe7 Nxc3 16. Bxd8 Nxe2+ 17. Nxe2 Rfxd8 18. Nf4 g5 19. Nd3 Bc6 20. h4 Rd4 21. hxg5 Rg4 22. Rh2 Rxg5 (22... Bxg2 $2 23. Nf2 Bf3 (23... Rxg5 $2 24. Rg1 $18) (23... Nxb3+ $2 24. axb3 Bf3 25. Nxg4 $18) 24. Nxg4 Bxg4 25. Rd6 $18) 23. Re1 $1 {[%emt 0:00:04] Prevents Be4} Rd8 (23... Bxg2 $2 24. Rg1 $18) (23... Rxg2 $2 24. Rxg2+ Bxg2 25. Rg1 $18) (23... Kh8 $15 24. Rf1 Ra7) 24. Nf4 $11 Rd4 25. Nh5 Kf8 (25... Bxg2 $2 {too greedy.} 26. Rg1 $18 (26. Nf6+ Kg7 $18)) 26. Nf6 {[%emt 0:02:58] Prevents Re4} Rxg2 27. Rxg2 Bxg2 28. Rg1 $1 (28. Nxh7+ $2 {loses.} Ke7 29. Nf6 Nc6 30. Ng8+ Kf8 $19) 28... Bc6 29. Nxh7+ Ke7 30. Nf6 Rf4 31. c3 Rf5 32. Re1 Rf2 33. Ng8+ Kf8 34. Nf6 Bg2 35. Rg1 Nc6 36. Ng4 {[%emt 0:00:05] The position is equal.} Rf1+ (36... Re2 37. Bd1 Bf3 38. Bxe2 Bxe2 39. b3 Bxg4 40. Rxg4 Nxe5 41. Rg3 $16) 37. Rxf1 Bxf1 {[%emt 0:00:01][%mdl 4096] Endgame. KBN-KBN} 38. Bc2 Bg2 39. Bd1 {[%emt 0:01:52] Dodges Bf3} Kg7 40. a4 Kg6 41. axb5 axb5 42. Be2 Kg5 43. Kd2 b4 44. cxb4 Nxb4 45. Kc3 Nc6 46. Ne3 Be4 47. Nc4 Kf4 48. Nd6 Nxe5 49. b4 Bd5 50. b5 Ke3 51. Bc4 Nxc4 52. Nxc4+ {[%emt 0:00:02] KB-KN} Ke2 53. Kd4 f5 54. Ne3 Be4 55. b6 {[%emt 0:00:03] [#]} e5+ $1 56. Kxe5 Kxe3 57. b7 $1 Bxb7 {[%emt 0:00:12] ( -> ...f4)} 58. Kxf5 {[%emt 0:00:02] Weighted Error Value: White=0.05 (flawless) /Black=0.05 (flawless) .  Mistake:       	---       	Black=1      Inaccurate:     	White=4     	Black=3      OK:         	White=19    	Black=23     Best:        	White=8     	Black=2      Strong:       	White=3     	---        Brilliant:      	---       	Black=1} 1/2-1/2

[Event "Baku Open 2024"]
[Site "Baku"]
[Date "2024.07.02"]
[Round "4.9"]
[White "Ahmadzada, Ahmad"]
[Black "Zverev, Lev"]
[Result "1-0"]
[ECO "C54"]
[WhiteElo "2481"]
[BlackElo "2416"]
[Annotator "TA"]
[PlyCount "63"]
[EventDate "2024.06.29"]
[EventType "swiss"]
[EventCountry "AZE"]
[SourceTitle "playchess.com"]
[Source "ChessBase"]
[SourceQuality "1"]
[TimeControl "5400+30"]

1. e4 e5 2. Nf3 Nc6 3. Bc4 Bc5 4. c3 Nf6 5. d3 d6 6. Bg5 h6 7. Bh4 g5 8. Bg3 $1 Bb6 9. Nbd2 Be6 (9... O-O $11) 10. b4 ({White should try} 10. Bxe6 $16 fxe6 11. Nc4) 10... a6 {[%emt 0:00:00] White is slightly better.} 11. a4 Nh5 12. h3 Nxg3 13. fxg3 Bxc4 14. Nxc4 d5 (14... Ba7 $14) 15. Nxb6 $16 (15. Ncxe5 $6 Qf6 16. Qe2 Nxe5 $11) 15... cxb6 16. O-O {[%emt 0:03:38][%cal Bh1f1,Bf1f5,Bf5f6][%mdl 32] Hoping for b5.} Qd6 (16... dxe4 $16 17. dxe4 Qe7) 17. Nd2 $18 Ne7 18. exd5 $1 Nxd5 19. Ne4 Qg6 20. Rf5 O-O-O 21. Qf3 {[%emt 0:01:30][%cal Ob4b5] Strongly threatening b5!} (21. Rxe5 f5 22. Nd2 Rhe8 $14) 21... Rhf8 $2 (21... Kb8 {was called for.} 22. Rf1 (22. Rxe5 Rhf8 $18) (22. Rxf7 h5 $18) 22... Rd7) 22. c4 (22. Rxe5 f5 $18) 22... Nxb4 {[%emt 0:00:00] [#]} 23. Rf6 $1 (23. Rxe5 f5 24. Nc3 Rxd3 $17) 23... g4 24. Qf2 (24. Qxg4+ Qxg4 25. hxg4 Rd4 $11) 24... Nxd3 25. Qe3 (25. Rxg6 Nxf2 26. Nd6+ Kc7 $19) 25... Qh7 26. Nd6+ (26. Rxh6 Qf5 27. Nd6+ (27. Rxb6 gxh3 28. gxh3 Rh8 $18) 27... Rxd6 28. Rxd6 e4 $18) (26. hxg4 Nc5 (26... Rd4 $2 27. Nd6+ Kb8 28. Nf5 $18) 27. Nxc5 (27. Qxh6 $2 Qxe4 28. Rf2 Qd4 $19) 27... bxc5 $16) 26... Kc7 {[%emt 0:00:31] [#]} (26... Rxd6 $142 27. Rxd6 Rd8 28. Rxd8+ (28. Rxh6 Qg7 $18) (28. Rxb6 gxh3 29. Rab1 Rd4 $18) (28. Qxh6 Qxh6 29. Rxh6 gxh3 $18) (28. Qxb6 Rxd6 29. Qxd6 gxh3 $18) 28... Kxd8) 27. Nxb7 $2 Rd4 $14 28. Rb1 {[%emt 0:00:00] Dancing on a razor blade.} Kxb7 (28... Qe4 $1 $14 29. Qxe4 Rxe4) 29. Qd2 $2 (29. Rbxb6+ $18 {is the precise move to win.} Kc7 30. hxg4) 29... Kc7 $16 (29... Rxc4 30. Rbxb6+ Kc8 31. Qa5 $18) 30. Rbxb6 {[%emt 0:00:00] Intending Qa5 and mate.} Qe4 $2 ({And not} 30... Rxc4 31. Qa5 Rc1+ 32. Kh2) (30... Rc8 $16) 31. Qxh6 Nb4 32. Qxf8 {[%emt 0:00:00] Weighted Error Value: White=0.54/Black=0.65.  Loses game:     	---       	Black=2      Missed win:     	White=2     	---        Mistake:       	White=1     	Black=5      Inaccurate:     	White=1     	Black=1      OK:         	White=8     	Black=2      Best:        	White=3     	Black=3      Strong:       	White=1     	---} 1-0

[Event "Baku Open 2024"]
[Site "Baku"]
[Date "2024.07.02"]
[Round "4.10"]
[White "Assaubayeva, Bibisara"]
[Black "Aleksandrov, Aleksej"]
[Result "1/2-1/2"]
[ECO "C50"]
[WhiteElo "2472"]
[BlackElo "2405"]
[Annotator "TA"]
[PlyCount "47"]
[EventDate "2024.06.29"]
[EventType "swiss"]
[EventCountry "AZE"]
[SourceTitle "playchess.com"]
[Source "ChessBase"]
[SourceQuality "1"]
[TimeControl "5400+30"]

1. e4 e5 2. Nf3 Nc6 3. Bc4 Bc5 4. Nc3 Nf6 5. d3 d6 6. Na4 Bb6 7. a3 O-O 8. O-O Be6 {[%emt 0:02:03] The position is equal.} 9. Bxe6 fxe6 10. b4 Qe8 11. c3 h6 12. h3 Qg6 13. Ra2 Rf7 14. Nxb6 axb6 15. a4 Raf8 16. Re1 Nd7 ({But not} 16... Nxe4 $2 17. Nh4 Nxc3 18. Nxg6 $18) 17. Re3 Qh5 18. Qe1 Ne7 19. a5 Ra8 20. Bd2 Rff8 21. Qb1 Qf7 22. Re1 {[%emt 0:04:11] White is slightly better.} Ng6 23. Be3 Nf4 24. Bxf4 {[%emt 0:04:38] Weighted Error Value: White=0.03 (flawless) /Black=0.05 (flawless) .  Inaccurate:     	---       	Black=1      OK:         	White=11    	Black=7} 1/2-1/2

[Event "Baku Open 2024"]
[Site "Baku"]
[Date "2024.07.02"]
[Round "4.11"]
[White "Samadov, Read"]
[Black "Suleymanli, Suleyman"]
[Result "1-0"]
[ECO "D35"]
[WhiteElo "2503"]
[BlackElo "2262"]
[Annotator "RC"]
[PlyCount "127"]
[EventDate "2024.06.29"]
[EventType "swiss"]
[EventCountry "AZE"]
[SourceTitle "playchess.com"]
[Source "ChessBase"]
[SourceQuality "1"]
[TimeControl "5400+30"]

1. d4 Nf6 2. c4 e6 3. Nf3 d5 4. Nc3 Be7 5. cxd5 exd5 6. Bf4 O-O 7. e3 Bf5 8. h3 c6 9. g4 Be4 10. g5 Nh5 11. Bxb8 Rxb8 12. Nxe4 dxe4 13. Nd2 g6 14. Be2 Ng7 15. Nxe4 Bxg5 16. Qc2 Bh4 17. O-O-O Re8 18. Kb1 Nf5 19. Bd3 Nd6 20. Nc3 Qf6 21. Rhf1 Re7 22. e4 Qxd4 23. f4 Qe3 24. e5 Ne8 25. Qg2 Rd7 26. Rf3 Qc5 27. Qg4 Qe7 28. f5 Qg5 29. Qe4 Rbd8 30. e6 Nf6 31. Qe2 fxe6 32. fxg6 hxg6 33. Rdf1 Kg7 34. Bc2 Qd2 35. Qe5 Qd4 36. Qh2 Qd2 37. Qg1 Qh6 38. Qxa7 e5 39. a3 Nd5 40. Ne4 Nf4 41. Rb3 b5 42. Qc5 Qh5 43. Qxc6 Rd5 44. Rxb5 Qe2 45. Rb7+ Kh6 46. Rc1 Qe3 47. Rb6 R8d7 48. Nf6 Qxc1+ 49. Kxc1 Ne2+ 50. Kb1 Rd1+ 51. Bxd1 Rxd1+ 52. Kc2 Rc1+ 53. Kd2 Rxc6 54. Rxc6 Nd4 55. Rb6 Kg5 56. Ne4+ Kf5 57. Kd3 Ne6 58. Ke3 Nf4 59. Nd6+ Kg5 60. Ke4 Nxh3 61. Nf7+ Kh5 62. Nxe5 Nf2+ 63. Kf3 g5 64. Rb4 1-0

[Event "Baku Open 2024"]
[Site "Baku"]
[Date "2024.07.02"]
[Round "4.12"]
[White "Narayanan S L"]
[Black "Zhukova, Natalia"]
[Result "1-0"]
[ECO "D50"]
[WhiteElo "2668"]
[BlackElo "2306"]
[Annotator "TA"]
[PlyCount "47"]
[EventDate "2024.06.29"]
[EventType "swiss"]
[EventCountry "AZE"]
[SourceTitle "playchess.com"]
[Source "ChessBase"]
[SourceQuality "1"]
[TimeControl "5400+30"]

1. d4 Nf6 2. c4 e6 3. Nf3 d5 4. Nc3 c5 5. cxd5 cxd4 6. Qxd4 exd5 7. Bg5 Be7 8. e3 O-O 9. Qa4 Nbd7 10. Rd1 Nc5 {[%emt 0:26:01] The position is equal.} 11. Qc2 Be6 12. Be2 Rc8 13. Qb1 h6 14. Bh4 Qb6 15. O-O Nce4 16. Nxe4 dxe4 17. Nd4 Rfd8 18. h3 a6 {[%emt 0:02:04] [#]} ({Black should try} 18... g5 $14 19. Bg3 Bd5) 19. Bxf6 $1 $16 {[%emt 0:00:54] White is clearly better.} Bxf6 20. Nxe6 fxe6 21. Qxe4 Bxb2 (21... Rxd1 $16 {might work better.} 22. Rxd1 Qc6) 22. Bg4 Kf7 {[%emt 0:01:20] [#]} (22... Rb8 {keeps fighting.} 23. Rxd8+ (23. Qxe6+ Qxe6 24. Bxe6+ Kf8 $16) (23. Bxe6+ Kh8 $18) 23... Qxd8) 23. Bxe6+ $1 Qxe6 24. Qxb7+ {[%emt 0:00:06] Weighted Error Value: White=0.05 (flawless) /Black=0.23 (precise) .  Mistake:       	---       	Black=3      OK:         	White=8     	Black=2      Best:        	White=1     	---        Strong:       	White=1     	---} 1-0